Map: 레드쉬프트 - 래더

Players

Nerchio - Winner!

  • Race: Zerg Zerg
  • Spawn Location: 11:00

TRUE

  • Race: Zerg Zerg
  • Spawn Location: 7:00

Event: WCS Valencia 2018

VOD

Have the link to the VOD?

Description

Time

  • Played on: July 12, 2018, 1:40 p.m.
  • Length: 13:39

All games in this series

Show
View Real Time Build Order
Export as new Build Order

Nerchio Zerg - Winner!

Build Orders: Hatch First 

Get SALT Encoding   

  12  0:00  Drone  
  13  0:12  Overlord  
  13  0:17  Drone  
  14  0:31  Drone x2  
  14  0:34  Drone  
  17  0:51  Hatchery  
  17  0:54  Drone  
  17  0:57  Drone  
  18  1:08  Extractor  
  17  1:12  Spawning Pool  
  17  1:16  Drone  
  18  1:18  Drone  
  18  1:28  Drone  
  19  1:38  Overlord  
  19  1:51  Drone  
  20  1:59  Queen  
  22  2:02  Queen  
  22  2:07  Metabolic Boost  
  24  2:09  Drone  
  24  2:11  Drone  
  24  2:14  Drone  
  27  2:16  Drone  
  28  2:23  Spine Crawler  
  28  2:28  Drone  
  28  2:32  Roach Warren  
  28  2:35  Drone  
  28  2:49  Hatchery  
  28  2:50  Zergling x2  
  28  2:52  Zergling x2  
  28  2:55  Zergling x2  
  28  2:56  Zergling x2  
  31  2:59  Zergling x2  
  31  3:03  Overlord  
  32  3:11  Overlord  
  32  3:21  Roach x4  
  32  3:23  Roach  
  44  3:27  Roach  
  44  3:31  Spine Crawler  
  45  3:34  Roach  
  45  3:37  Roach  
  45  3:40  Roach  
  49  3:44  Roach  
  50  3:50  Roach  
  51  4:01  Overlord, Roach  
  53  4:09  Roach  
  54  4:18  Roach  
  54  4:26  Zergling x10  
  59  4:32  Drone x2  
  59  4:36  Overlord  
  61  4:43  Roach  
  61  4:44  Roach  
  65  4:56  Roach x2  
  69  5:04  Roach  
  70  5:10  Zergling x8  
  70  5:12  Zergling x2  
  74  5:19  Overlord  
  74  5:20  Overlord  
  73  5:22  Zergling x2  
  73  5:26  Overlord  
  72  5:30  Drone  
  72  5:39  Zergling x2  
  72  5:40  Ravager  
  72  5:41  Zergling x6  
  72  5:42  Drone  
  75  5:48  Zergling x4  
  76  5:52  Drone  
  77  6:00  Drone  
  77  6:01  Drone  
  79  6:04  Drone  
  79  6:08  Drone  
  79  6:10  Drone  
  80  6:12  Drone  
  80  6:13  Drone  
  80  6:15  Ravager  
  83  6:28  Drone x2  
  83  6:29  Extractor, Drone  
  83  6:30  Roach x2  
  83  6:31  Roach  
  91  6:35  Overlord  
  91  6:37  Overlord  
  91  6:41  Overlord  
  91  6:44  Overlord  
  91  6:48  Overlord  
  91  6:53  Overlord  
  91  6:55  Roach  
  91  6:57  Roach x2  
  97  7:06  Roach x2  
  99  7:09  Roach  
  99  7:14  Overlord  
  99  7:18  Roach x2  
  101  7:29  Roach  
  103  7:33  Hatchery  
  104  7:41  Zergling x4  
  104  7:43  Zergling x4  
  106  7:45  Zergling x2  
  106  7:49  Ravager  
  106  7:50  Ravager  
  109  7:52  Zergling x8  
  109  7:53  Zergling x2  
  109  7:57  Overlord  
  114  8:00  Overlord  
  114  8:07  Evolution Chamber  
  114  8:10  Overlord  
  113  8:14  Lair  
  113  8:22  Drone  
  113  8:23  Extractor, Drone x2  
  113  8:26  Ravager  
  116  8:28  Overlord  
  116  8:32  Zergling x4  
  118  8:37  Roach x2  
  118  8:39  Roach  
  124  8:46  Overlord  
  123  8:49  Roach  
  123  8:51  Roach  
  126  9:00  Roach  
  128  9:04  Roach  
  128  9:07  Roach  
  125  9:23  Roach x2  
  118  9:24  Roach x2  
  118  9:25  Roach  
  118  9:26  Roach  
  115  9:31  Roach x3  
  115  9:36  Roach  
  119  9:43  Roach x3  
  123  9:48  Queen  
  119  9:54  Roach  
  119  9:56  Ravager  
  119  9:57  Roach x2  
  114  10:00  Roach  
  114  10:01  Roach  
  114  10:03  Roach  
  116  10:09  Roach x2  
  116  10:14  Roach  
  107  10:23  Roach x2  
  107  10:30  Extractor  
  107  10:33  Glial Reconstitution  
  106  10:40  Drone  
  106  10:42  Drone  
  108  10:44  Hatchery  
  108  10:48  Zerg Missile Weapons Level 1  
  107  10:54  Roach x2  
  111  10:58  Roach  
  111  11:02  Overlord  
  111  11:04  Roach  
  115  11:07  Roach  
  117  11:13  Drone x4  
  117  11:15  Drone  
  122  11:23  Roach  
  122  11:24  Roach x2  
  128  11:27  Roach  
  128  11:28  Roach  
  128  11:29  Overlord  
  128  11:32  Overlord  
  132  11:35  Overlord  
  132  11:38  Overlord  
  132  11:42  Overseer  
  132  11:49  Roach  
  132  11:50  Roach x2  
  132  11:51  Roach  
  140  11:57  Roach x2  
  140  12:00  Ravager x2  
  146  12:02  Roach  
  146  12:06  Roach  
  146  12:08  Roach  
  152  12:12  Roach  
  152  12:14  Roach  
  156  12:17  Roach  
  156  12:20  Roach  
  162  12:22  Roach  
  162  12:24  Roach  
  162  12:28  Overlord  
  164  12:35  Overlord  
  162  12:37  Overlord  
  160  12:44  Ravager x4  
  162  12:52  Roach x2  
  162  12:53  Roach x2  
  170  12:59  Roach x2  
  170  13:00  Roach  
  172  13:06  Roach x2  
  172  13:11  Roach x2  
  159  13:18  Roach  
  159  13:19  Roach  
Show
View Real Time Build Order
Export as new Build Order

TRUE Zerg 

Build Orders: Hatch First, Zergling Baneling 

Get SALT Encoding   

  12  0:00  Drone  
  13  0:08  Drone  
  14  0:33  Hatchery  
  13  0:36  Drone  
  14  0:43  Overlord  
  14  0:51  Extractor, Drone  
  15  1:02  Drone x2  
  17  1:06  Extractor  
  16  1:14  Spawning Pool  
  16  1:17  Drone  
  16  1:21  Drone  
  17  1:30  Drone  
  18  1:40  Drone  
  18  1:45  Drone  
  20  1:51  Drone  
  21  1:56  Drone  
  21  2:00  Queen  
  24  2:02  Queen  
  24  2:07  Metabolic Boost  
  26  2:12  Drone  
  26  2:13  Drone  
  28  2:18  Spine Crawler  
  28  2:22  Drone  
  28  2:27  Baneling Nest  
  28  2:29  Zergling x2  
  28  2:32  Overlord  
  28  2:40  Overlord  
  28  2:52  Zergling x2  
  28  2:56  Zergling x4, Hatchery  
  28  2:58  Zergling x2  
  31  3:00  Zergling x2  
  31  3:03  Zergling x2  
  33  3:08  Zergling x2  
  33  3:11  Baneling x2  
  34  3:14  Zergling x6  
  34  3:16  Zergling x2  
  34  3:18  Zergling x2  
  39  3:20  Zergling x2  
  39  3:26  Baneling x2  
  40  3:29  Zergling x4, Baneling x2  
  40  3:33  Zergling x2  
  43  3:34  Zergling x2  
  41  3:57  Zergling x4  
  41  4:01  Overlord  
  43  4:06  Zergling x2  
  44  4:10  Drone x2  
  44  4:11  Roach Warren, Drone x3  
  48  4:17  Queen  
  48  4:21  Extractor  
  49  4:29  Drone x4  
  49  4:30  Drone x5  
  58  4:33  Baneling x3  
  58  4:43  Overlord  
  58  4:45  Extractor, Overlord  
  57  5:02  Roach x2  
  57  5:03  Roach x3  
  57  5:04  Roach x2  
  57  5:06  Roach x2  
  74  5:19  Overlord  
  73  5:27  Overlord  
  73  5:28  Overlord  
  72  5:32  Overlord  
  72  5:35  Roach  
  73  5:37  Roach x3  
  73  5:42  Roach  
  76  5:48  Roach  
  78  5:52  Ravager x3  
  80  6:10  Roach  
  80  6:11  Roach x5  
  85  6:23  Zergling x10  
  90  6:26  Roach  
  90  6:29  Roach  
  94  6:34  Roach  
  94  6:36  Roach  
  94  6:38  Zergling x2  
  99  6:40  Ravager  
  99  6:43  Zergling x2  
  99  6:44  Zergling x2  
  99  6:46  Zergling x2  
  103  6:52  Ravager  
  103  6:53  Ravager  
  105  7:00  Zergling x2  
  106  7:01  Overlord  
  105  7:14  Ravager  
  105  7:15  Ravager  
  105  7:20  Zergling x4  
  111  7:30  Overlord, Roach x3  
  113  7:46  Overlord  
  113  7:50  Roach x3  
  119  7:51  Overlord  
  119  7:52  Overlord, Roach  
  119  7:57  Overlord  
  121  8:05  Roach x2  
  125  8:13  Ravager x4  
  125  8:19  Roach  
  131  8:23  Zergling x2  
  131  8:24  Zergling x2  
  131  8:25  Zergling x2  
  134  8:28  Zergling x2  
  134  8:30  Zergling x2  
  134  8:32  Zergling x2  
  137  8:45  Zergling x4  
  137  8:49  Zergling x4  
  137  8:52  Zergling x2  
  137  8:53  Zergling x6  
  137  8:54  Zergling x2  
  137  9:00  Zergling x2  
  135  9:03  Zergling x2  
  135  9:05  Zergling x2  
  135  9:06  Zergling x4  
  135  9:08  Zergling x2  
  131  9:21  Zergling x2  
  123  9:29  Zergling x2  
  114  9:33  Zergling x2  
  111  9:42  Zergling x2  
  111  9:45  Zergling x2  
  100  9:53  Zergling x2  
  100  9:55  Zergling x2  
  100  9:58  Ravager x2  
  100  9:59  Ravager  
  102  10:00  Ravager  
  102  10:03  Zergling x2  
  102  10:04  Zergling x2  
  87  10:07  Zergling x2  
  87  10:08  Zergling x2  
  87  10:10  Zergling x2  
  87  10:12  Zergling x2  
  78  10:14  Zergling x2  
  78  10:16  Zergling x2  
  77  10:33  Ravager x6  
  83  10:35  Drone  
  83  10:36  Drone x4  
  88  10:43  Zergling x6  
  88  10:45  Zergling x2  
  88  10:47  Zergling x2  
  88  10:49  Zergling x2  
  94  10:53  Zergling x2  
  92  10:57  Zergling x2  
  92  10:58  Ravager  
  92  10:59  Zergling x2  
  92  11:00  Zergling x2  
  96  11:08  Zergling x2  
  96  11:09  Zergling x4  
  97  11:27  Queen  
  97  11:28  Drone x5  
  97  11:29  Drone x2  
  97  11:30  Roach  
  108  11:34  Roach  
  108  11:39  Roach  
  112  11:42  Roach  
  112  11:45  Roach  
  116  11:48  Roach  
  116  11:53  Roach  
  120  11:56  Roach  
  120  12:00  Roach  
  124  12:02  Roach  
  124  12:04  Roach  
  124  12:08  Roach  
  130  12:13  Roach x2  
  134  12:16  Roach  
  134  12:21  Overlord  
  134  12:22  Roach  
  136  12:33  Roach  
  136  12:36  Roach  
  137  12:39  Overlord  
  137  12:41  Roach x3  
  137  12:43  Roach  
  143  12:47  Roach  
  143  12:48  Roach  
  145  12:53  Ravager  
  145  12:54  Overlord  
  144  12:59  Roach x2  
  144  13:09  Roach  
  144  13:10  Roach x2  
  144  13:11  Roach  
  125  13:17  Roach  
Tags
 
Add a new tag
Caveats
  • Supply blocks, unpowered buildings, or Contaminate may cause inaccurate times.
  • Supply counts are checked every 10 seconds.